 Dungeon Crawl Stone Soup version 0.19.3-4-gbf9329e (webtiles) character file.

11797 TheMardin the Severer (level 11, -3/104 HPs)
             Began as a Hill Orc Fighter on Jan 22, 2017.
             Was an Elder of Beogh.
             Killed by divine providence
             ... invoked by an orc priest
              (11 damage)
             ... on level 2 of the Orcish Mines on Jan 29, 2017.
             The game lasted 00:55:36 (11563 turns).

TheMardin the Severer (Hill Orc Fighter)           Turns: 11563, Time: 00:55:38

Health: -3/104     AC: 21    Str: 25    XL:     11   Next: 83%
Magic:  11/11      EV:  5    Int: 12    God:    Beogh [****..]
Gold:   1045       SH: 11    Dex: 10    Spells: 0 memorised, 10 levels left

rFire  . . .     SeeInvis +     a - +1 war axe
rCold  . . .     Gourm    .     r - +0 plate armour
rNeg   + . .     Faith    .     c - +0 shield
rPois  .         Spirit   .     (helmet restricted)
rElec  .         Reflect  +     G - +1 cloak
rCorr  .         Harm     .     x - +0 pair of gloves of Beiqiex {MR+ Str+2}
MR     +....                    m - +1 pair of boots
Stlth  ..........               C - +2 amulet of reflection
                                D - +4 ring of intelligence
                                A - ring of positive energy

@: drained
A: antennae 1, see invisible, slow regeneration 1
a: Smiting, Recall Orcish Followers, Renounce Religion


You were on level 2 of the Orcish Mines.
You worshipped Beogh.
Beogh was greatly pleased with you.
You were near starving.

You visited 2 branches of the dungeon, and saw 13 of its levels.
You also visited: Sewer.

You collected 1451 gold pieces.
You spent 406 gold pieces at shops.

Inventory:

Hand Weapons
 a - a +1 war axe (weapon)
 i - the +0 quarterstaff "Leemoem" {protect, rElec rC- Stlth+}
   (You found it on level 9 of the Dungeon)

   It protects the one who uses it against injury (+AC on strike).
   It makes you vulnerable to cold.
   It insulates you from electricity.
   It makes you more stealthy.
 k - a +0 mace of protection
Armour
 c - a +0 shield (worn)
 m - a +1 pair of boots (worn)
 r - a +0 plate armour (worn)
 x - the +0 pair of gloves of Beiqiex (worn) {MR+ Str+2}
   (You found it on level 4 of the Dungeon)

   It affects your strength (+2).
   It affects your resistance to hostile enchantments.
 G - a +1 cloak (worn)
Jewellery
 w - an uncursed amulet of guardian spirit {unknown}
 A - a ring of positive energy (left hand)
 C - a +2 amulet of reflection (around neck)
 D - a +4 ring of intelligence (right hand)
Wands
 b - a wand of iceblast (4/15)
 q - a wand of disintegration (5/24)
 u - a wand of flame (28/48)
Scrolls
 e - 2 scrolls of blinking
 g - a scroll of immolation
 j - 2 scrolls of fear
 n - 6 scrolls of teleportation
 o - 7 scrolls of remove curse
 s - 8 scrolls of identify
 v - a scroll of amnesia {unknown}
 y - 2 scrolls of enchant weapon
 B - a scroll of fog
 E - a scroll of magic mapping {unknown}
Potions
 d - a potion of agility
 l - 3 potions of flight
 p - a potion of haste
 t - 2 potions of brilliance
 z - a potion of magic
Comestibles
 f - 5 bread rations
 h - 2 slices of pizza
 F - 7 beef jerkies


   Skills:
 - Level 11.7(11.4) Fighting
 + Level 15.9(15.6) Axes
 - Level 10.8(10.5) Armour
 - Level 3.2(3.0) Shields


You had 10 spell levels left.
You didn't know any spells.

Dungeon Overview and Level Annotations

Branches:
Dungeon (11/15)            Temple (0/1) D:6             Orc (2/2) D:11
    Elf (0/3) Orc:2
   Lair: D:8-11

Altars:
Cheibriados
Elyvilon
Fedhas
Gozag
Kikubaaqudgha
Ru
Trog
Yredelemnul
Beogh

Shops:
D:4 *   D:6 %   Orc:2 ![


Innate Abilities, Weirdness & Mutations

You have a pair of small antennae on your head.
You have supernaturally acute eyesight. (SInv)
You regenerate slowly when monsters are visible.


Message History

The orc knight's wounds heal themselves!
The orc sorcerer hits your orc wizard with a dagger!
Your orc wizard dies!
An orc knight comes into view. It is wielding a war axe.
Argrim no longer looks unusually strong.
Something hits your orc wizard!!
Your orc wizard dies!
The orc knight roars a battlecry!
The orc sorcerer gestures at you while chanting.
The bolt of negative energy hits you! You partially resist.
You feel drained.
* * * LOW HITPOINT WARNING * * *
The bolt of negative energy hits Argrim.
Argrim is drained!
You swap places.
Something hits Argrim!
The orc knight roars a battlecry!
The orc knight goes into a battle-frenzy!
The orc priest mumbles some strange prayers to Beogh against you.
Beogh smites you!
You die...
Beogh appreciates the orc priest's killing of a heretic priest.

.∩# # o.## o##..#
4oo4# #o)# ...
##)o## ... #34o.#
#.#.....o#.#
#.#....o##@#
#.#...###oo#
#.######oo##
...####.####...##
#.....oo....###
######.######
#######{##
..o.o{ooo#
#..o.o..##


You could see 2 orc knights, an orc high priest, an orange demon, an orc
sorcerer, an orc priest, the friendly Argrim the orc knight, a friendly orc
priest, a friendly orc wizard and 2 friendly orcs.

Vanquished Creatures
  An unseen horror (D:10)
  A hill giant (D:10)
  An orc sorcerer (Orc:1)
  The ghost of reezer the Cudgeler, a novice TrBe of Trog (D:4)
  Maurice (D:9)
  Joseph (D:8)
  2 gargoyles (D:10)
  2 two-headed ogres (D:10)
  2 hippogriffs (D:6)
  Eustachio (D:6)
  2 wraiths (D:10)
  A basilisk (D:10)
  Grum (D:8)
  A hungry ghost (D:7)
  Edmund (D:6)
  Menkaure (D:6)
  3 water moccasins
  3 wargs
  8 orc warriors
  2 phantoms (D:8)
  3 sky beasts
  The ghost of Blank the Twirler, an amateur MiGl of Okawaru (D:3)
  8 ogres
  5 centaurs
  2 wolves (D:8)
  3 bullfrogs
  2 big kobolds
  4 scorpions
  A howler monkey (D:7)
  4 crimson imps
  3 bullfrog zombies
  7 hounds
  A quasit (D:5)
  4 gnoll shamans (D:7)
  3 orc priests
  3 bullfrog skeletons
  15 orc wizards
  An iguana (D:9)
  4 worker ants
  3 hell rats (D:5)
  A worker ant zombie (D:9)
  10 gnolls
  14 adders
  2 river rats (D:5)
  3 shadow imps
  5 oozes
  An adder zombie (D:7)
  7 worms
  4 dart slugs
  6 leopard geckos
  25 orcs
  3 ball pythons
  18 bats
  9 giant cockroaches
  4 goblins
  6 hobgoblins
  11 jackals
  10 kobolds
  7 quokkas
  8 frilled lizards
  A jackal zombie (D:5)
  32 rats
300 creatures vanquished.

Vanquished Creatures (collateral kills)
  Nergalle (Orc:1)
  An orc sorcerer (Orc:2)
  A cyclops (Orc:1)
  8 orc warriors
  3 ogres
  3 orc priests
  3 orc wizards
  2 orcs (Orc:1)
22 creatures vanquished.

Vanquished Creatures (others)
  An orc knight (Orc:2)
  2 orc sorcerers (Orc:2)
  An orc warrior (Orc:2)
  A bullfrog (D:6)
  2 howler monkeys (D:10)
  A crimson imp (D:6)
  2 orc priests
  5 orc wizards
  An adder (D:6)
  16 orcs
32 creatures vanquished.

Grand Total: 354 creatures vanquished

Notes
Turn   | Place    | Note
-------+----------+-------------------------------------------
     0 | D:1      | TheMardin the Hill Orc Fighter began the quest for the Orb.
     0 | D:1      | Reached XP level 1. HP: 19/19 MP: 1/1
   118 | D:1      | Reached skill level 3 in Axes
   170 | D:1      | Upgraded the game from 0.19.1-28-ge1247f7 to 0.19.3-4-gbf9329e
   273 | D:1      | Reached XP level 2. HP: 26/26 MP: 2/2
   551 | D:1      | Reached skill level 4 in Axes
   586 | D:1      | Reached XP level 3. HP: 15/31 MP: 3/3
   950 | D:2      | Found a faded altar of an unknown god.
  1014 | D:2      | Reached skill level 5 in Axes
  1484 | D:2      | Reached XP level 4. HP: 39/39 MP: 4/4
  1915 | D:3      | Reached skill level 6 in Axes
  2080 | D:3      | Noticed Blank's ghost (amateur MiGl)
  2106 | D:3      | Killed Blank's ghost
  2106 | D:3      | Reached skill level 7 in Axes
  2106 | D:3      | Reached XP level 5. HP: 15/45 MP: 5/5
  2702 | D:4      | Found an opulent altar of Gozag.
  2730 | D:4      | Noticed reezer's ghost (novice TrBe)
  2758 | D:4      | Killed reezer's ghost
  2758 | D:4      | Reached skill level 10 in Axes
  2758 | D:4      | Reached XP level 6. HP: 20/51 MP: 6/6
  2758 | D:4      | Reached XP level 7. HP: 23/57 MP: 7/7
  3067 | D:4      | Gained mutation: You have supernaturally acute eyesight. (SInv) [potion of beneficial mutation]
  3137 | D:4      | Got an amethyst-encrusted leather armour
  3156 | D:4      | Got a pair of shimmering gloves
  3162 | D:4      | Identified the cursed +0 pair of gloves of Beiqiex {MR+ Str+2} (You found it on level 4 of the Dungeon)
  3172 | D:4      | Identified the +2 leather armour "Ekiw Icw" {rElec rPois} (You found it on level 4 of the Dungeon)
  3392 | D:4      | Found Gozag's Platinum Reserve.
  3700 | D:5      | Entered Level 5 of the Dungeon
  3700 | D:5      | Found a glowing drain.
  3711 | Sewer    | Entered a sewer
  4500 | D:5      | Reached skill level 5 in Fighting
  4612 | D:5      | Reached XP level 8. HP: 31/68 MP: 8/8
  4622 | D:5      | Reached skill level 5 in Armour
  4822 | D:5      | Gained mutation: You have a pair of small antennae on your head. [mutagenic meat]
  4823 | D:5      | Gained mutation: You are resistant to hostile enchantments. (MR+) [mutagenic meat]
  4824 | D:5      | Gained mutation: You are weak. (Str -2) [mutagenic meat]
  5225 | D:6      | Noticed Eustachio
  5258 | D:6      | Killed Eustachio
  5331 | D:6      | Noticed Edmund
  5339 | D:6      | Killed Edmund
  5367 | D:6      | Became a worshipper of Beogh the Brigand
  5368 | D:6      | Noticed a hippogriff
  5378 | D:6      | Reached XP level 9. HP: 24/80 MP: 9/9
  5883 | D:6      | Noticed Menkaure
  5887 | D:6      | Killed Menkaure
  5912 | D:6      | Found a staircase to the Ecumenical Temple.
  5981 | D:6      | Found Gapokuv's Food Boutique.
  6633 | D:7      | Reached * piety under Beogh
  6694 | D:7      | Reached skill level 10 in Fighting
  6790 | D:7      | Reached XP level 10. HP: 34/94 MP: 10/10
  7132 | D:7      | Reached skill level 10 in Armour
  7467 | D:8      | Reached ** piety under Beogh
  7549 | D:8      | Noticed Grum
  7565 | D:8      | Killed Grum
  7801 | D:8      | Found a sacrificial altar of Ru.
  7801 | D:8      | Found a blossoming altar of Fedhas.
  7806 | D:8      | Found a snail-covered altar of Cheibriados.
  7808 | D:8      | Found an ancient bone altar of Kikubaaqudgha.
  7809 | D:8      | Found a white marble altar of Elyvilon.
  7989 | D:8      | Noticed Joseph
  8005 | D:8      | Gained mutation: You regenerate slowly when monsters are visible. [potion of mutation]
  8005 | D:8      | Gained mutation: You have large cloven feet. [potion of mutation]
  8007 | D:8      | Killed Joseph
  8550 | D:9      | Gained mutation: You are agile. (Dex +2) [mutagenic meat]
  8552 | D:9      | Lost mutation: You are resistant to hostile enchantments. (MR+) [mutagenic meat]
  8553 | D:9      | Gained mutation: You are frail. (-10% HP) [mutagenic meat]
  8556 | D:9      | Noticed Maurice
  8581 | D:9      | Killed Maurice
  8598 | D:9      | Lost mutation: You have large cloven feet. [potion of mutation]
  8598 | D:9      | Gained mutation: You are very weak. (Str -4) [potion of mutation]
  8706 | D:9      | Reached skill level 11 in Axes
  9093 | D:9      | Got a crystal quarterstaff
  9146 | D:9      | Identified the +0 quarterstaff "Leemoem" {protect, rElec rC- Stlth+} (You found it on level 9 of the Dungeon)
  9169 | D:10     | Entered Level 10 of the Dungeon
  9263 | D:10     | Reached *** piety under Beogh
  9285 | D:10     | Noticed a gargoyle
  9303 | D:10     | Killed a gargoyle
  9303 | D:10     | Reached skill level 12 in Axes
  9303 | D:10     | Reached XP level 11. HP: 32/93 MP: 11/11
  9588 | D:10     | Found a basalt altar of Yredelemnul.
  9608 | D:10     | Reached skill level 13 in Axes
  9654 | D:10     | Noticed a hill giant
  9655 | D:10     | Found a bloodstained altar of Trog.
  9656 | D:10     | Noticed an unseen horror
  9671 | D:10     | Killed a hill giant
  9724 | D:10     | Killed an unseen horror
 10240 | D:10     | Reached skill level 14 in Axes
 10378 | D:11     | Found a staircase to the Orcish Mines.
 10390 | Orc:1    | Entered Level 1 of the Orcish Mines
 10399 | Orc:1    | Noticed an orc sorcerer
 10411 | Orc:1    | Killed an orc sorcerer
 10585 | Orc:1    | Noticed Nergalle
 10612 | Orc:1    | Killed Nergalle
 10992 | Orc:1    | Found a roughly hewn altar of Beogh.
 11073 | Orc:1    | Reached skill level 15 in Axes
 11189 | Orc:1    | Noticed a cyclops
 11197 | Orc:1    | Killed a cyclops
 11203 | Orc:2    | Entered Level 2 of the Orcish Mines
 11203 | Orc:2    | Noticed an orc sorcerer
 11210 | Orc:2    | Reached **** piety under Beogh
 11216 | Orc:2    | Noticed an orc sorcerer
 11220 | Orc:2    | Killed an orc sorcerer
 11273 | Orc:2    | Gained Argrim as an ally
 11284 | Orc:2    | Found Laceh's Distillery.
 11304 | Orc:2    | Bought a potion of agility for 56 gold pieces
 11304 | Orc:2    | Bought a potion of cure mutation for 350 gold pieces
 11304 | Orc:2    | Lost mutation: You are frail. (-10% HP) [potion of cure mutation]
 11304 | Orc:2    | Lost mutation: You are agile. (Dex +2) [potion of cure mutation]
 11304 | Orc:2    | Lost mutation: You are very weak. (Str -4) [potion of cure mutation]
 11304 | Orc:2    | Lost mutation: You are weak. (Str -2) [potion of cure mutation]
 11319 | Orc:2    | Found a staircase to the Elven Halls.
 11543 | Orc:2    | Noticed an orc sorcerer
 11543 | Orc:2    | Found Muotox's Antique Armour Shop.
 11544 | Orc:2    | Noticed an orc knight
 11546 | Orc:2    | Noticed an orc sorcerer
 11552 | Orc:2    | Noticed an orc high priest
 11554 | Orc:2    | Noticed an orc high priest
 11559 | Orc:2    | Noticed a soul eater
 11561 | Orc:2    | Noticed an orc knight
 11562 | Orc:2    | Noticed an orc knight
 11563 | Orc:2    | Killed from afar by an orc priest

Skill      XL: |  1  2  3  4  5  6  7  8  9 10 11 |
---------------+----------------------------------+-----
Axes           | 3 4 5 7 10 12 15 | 15.9
Fighting       | 5 7 10 11 | 11.7
Armour         | 4 7 9 10 | 10.8
Shields        | |  3.2

Action                   |  1- 3 |  4- 6 |  7- 9 | 10-12 || total
-------------------------+-------+-------+-------+-------++-------
Melee: War axe           |   134 |   127 |   453 |   555 ||  1269
Invok: Convert to Beogh  |       |       |     1 |       ||     1
  Use: Scroll            |     1 |       |     9 |     3 ||    13
       Potion            |       |     4 |     8 |    11 ||    23
 Stab: Distracted        |       |       |       |     2 ||     2
  Eat: Bread ration      |       |     1 |     3 |     2 ||     6
       Chunk             |       |     1 |     3 |     9 ||    13
       Beef jerky        |       |       |     1 |       ||     1
       Pizza             |       |       |     1 |     1 ||     2
Armor: Scale mail        |    61 |     6 |       |       ||    67
       Chain mail        |       |    46 |    30 |       ||    76
       Skin              |       |     5 |       |    15 ||    20
       Leather armour    |       |       |   163 |       ||   163
       Plate armour      |       |       |    81 |   231 ||   312
Dodge: Dodged            |    42 |    28 |   162 |    84 ||   316
Block: Shield            |    62 |    48 |   254 |   238 ||   602
       Reflection        |       |       |       |     2 ||     2
       Other             |       |       |       |     1 ||     1
